 Dungeon Crawl Stone Soup version 0.20.1-1-g8b1a95d (webtiles) character file.

212 Folque the Magician (level 5, -5/36 HPs)
             Began as an Octopode Wizard on Oct 30, 2017.
             Slain by an ice beast (9 damage)
             ... on level 3 of the Dungeon.
             The game lasted 00:19:21 (3510 turns).

Folque the Magician (Octopode Wizard)               Turns: 3510, Time: 00:19:21

Health: -5/36      AC:  2    Str:  6    XL:     5   Next: 90%
Magic:  1/11       EV: 13    Int: 21    God:
Gold:   166        SH:  0    Dex: 11    Spells: 4/12 levels left

rFire    . . .     SeeInvis .   s - +0 halberd
rCold    . . .     Gourm    .   (shield currently unavailable)
rNeg     . . .     Faith    .   a - +0 hat
rPois    .         Spirit   .   (no amulet)
rElec    .         Reflect  .   t - +1 ring of protection
rCorr    .         Harm     .   (no ring)
MR       .....                  (no ring)
Stlth    +++.......             (no ring)
Regen    0.2/turn               (no ring)
MPRegen  0.2/turn               (no ring)
                                (no ring)
                                (no ring)

@: no status effects
A: almost no armour, stealthy swim, amphibious, 8 rings, constrict 8, camouflage
1, gelatinous body 1
a: no special abilities


You were on level 3 of the Dungeon.
You were very hungry.

You visited 1 branch of the dungeon, and saw 4 of its levels.

You collected 166 gold pieces.

Inventory:

Hand Weapons
 e - a +1 dagger
 s - a +0 halberd (weapon)
Missiles
 n - 6 tomahawks (quivered)
Armour
 a - a +0 hat (worn)
Jewellery
 t - a +1 ring of protection (left tentacle)
Scrolls
 d - 2 scrolls of remove curse
 f - a scroll of fear {unknown}
 g - 5 scrolls of identify
 h - 2 scrolls of blinking {unknown}
 i - 2 scrolls of enchant weapon
 r - a scroll of enchant armour {unknown}
 u - a scroll of recharging {unknown}
Potions
 j - a potion of ambrosia {unknown}
 l - a potion of resistance {unknown}
 m - 2 potions of curing
 o - 2 potions of berserk rage {unknown}
 p - a potion of lignification {unknown}
 q - a potion of mutation {unknown}
Books
 b - a book of Minor Magic

   Spells                             Type                      Level
   a - Magic Dart                     Conjuration                  1
   b - Blink                          Translocation                2
   c - Call Imp                       Summoning                    2
   d - Slow                           Hexes                        2
   e - Conjure Flame                  Conjuration/Fire             3
   f - Mephitic Cloud                 Conjuration/Poison/Air       3
Comestibles
 c - 3 bread rations
 k - a meat ration


   Skills:
 - Level 3.0 Fighting
 - Level 2.0 Dodging
 - Level 2.6 Stealth
 - Level 4.1 Spellcasting
 + Level 1.1 Conjurations
 - Level 1.0 Summonings
 - Level 1.0 Translocations
 * Level 3.6 Poison Magic


You had 4 spell levels left.
You knew the following spells:

 Your Spells              Type           Power        Failure   Level  Hunger
a - Magic Dart            Conj           #...         8%          1    None
b - Call Imp              Summ           #.......     12%         2    #......
c - Blink                 Tloc           N/A          12%         2    #......
d - Mephitic Cloud        Conj/Pois/Air  ##......     19%         3    ###....


Dungeon Overview and Level Annotations

Branches:
Dungeon (4/15)
 Temple: D:4-7

Altars:
Makhleb
Nemelex Xobeh
Okawaru

Annotations:
D:4 Grinder


Innate Abilities, Weirdness & Mutations

You cannot wear most types of armour.
You are very stealthy in the water. (Stealth+)
You are amphibious.
You can wear up to eight rings at the same time.
You can use your tentacles to constrict eight enemies at once.
Your skin changes colour to match your surroundings (Stealth+).
Your rubbery body absorbs attacks. (AC +1, EV +1)


Message History

The ice beast freezes your crimson imp!!
Your crimson imp is frozen!
Your crimson imp dies!
You hit the ice beast but do no damage.
The ice beast is heavily wounded.
The ice beast hits you but does no damage.
You hit the ice beast but do no damage.
The ice beast is heavily wounded.
The ice beast barely misses you. The ice beast hits you.
The ice beast freezes you.
* * * LOW HITPOINT WARNING * * *
You closely miss the ice beast.
The ice beast is heavily wounded.
The ice beast barely misses you.
You barely miss the ice beast.
The ice beast is heavily wounded.
The ice beast hits you.
* * * LOW HITPOINT WARNING * * *
The ice beast freezes you!
You die...

#....##...#....# #...............
#.#####.###....# #.#####.###.....
#.# #.# #....# #.# #.#....... #.#
#.# #.######.# #.###.#### #.# #.#
#.....#### #.# #5# #
#######.#######.########.# #Y# #
.........[.......(.......# #.# #
##############..############.####
# #..@Y............... #
#..############.#### # #..# #.# #
#..# #.# # #..# ### #
#..########### #^...........#
#.############ #.#


You could see an ice beast.

Vanquished Creatures
  A phantom (D:4)
  An adder (D:3)
  An ooze (D:1)
  2 dart slugs (D:3)
  3 leopard geckos
  5 orcs (D:3)
  6 giant cockroaches
  11 hobgoblins
  A jackal (D:1)
  2 quokkas
  3 ball pythons
  5 bats
  4 frilled lizards
  13 goblins
  8 kobolds
  8 rats
74 creatures vanquished.

Vanquished Creatures (collateral kills)
  Robin (D:3)
  3 gnolls (D:3)
  An ooze (D:2)
  2 worms (D:2)
  4 orcs (D:3)
  A bat (D:3)
  5 goblins
  2 hobgoblins (D:2)
  6 jackals
  A frilled lizard (D:2)
26 creatures vanquished.

Grand Total: 100 creatures vanquished

Notes
Turn   | Place    | Note
-------+----------+-------------------------------------------
     0 | D:1      | Folque the Octopode Wizard began the quest for the Orb.
     0 | D:1      | Reached XP level 1. HP: 11/11 MP: 4/4
    99 | D:1      | Reached skill level 1 in Fighting
   107 | D:1      | Reached XP level 2. HP: 7/18 MP: 6/6
   116 | D:1      | Learned a level 2 spell: Call Imp
   119 | D:1      | Learned a level 2 spell: Blink
   467 | D:1      | Reached XP level 3. HP: 20/24 MP: 1/7
  1064 | D:2      | Found a burning altar of Makhleb.
  1210 | D:2      | Found an iron altar of Okawaru.
  1271 | D:2      | Found a faded altar of an unknown god.
  1382 | D:2      | Reached XP level 4. HP: 30/30 MP: 6/9
  1387 | D:2      | Learned a level 3 spell: Mephitic Cloud
  1957 | D:3      | Reached skill level 1 in Poison Magic
  2272 | D:3      | Found a sparkling altar of Nemelex Xobeh.
  2586 | D:3      | Noticed Robin
  2666 | D:3      | Reached XP level 5. HP: 13/36 MP: 6/10
  2687 | D:3      | Killed Robin
  3276 | D:4      | Noticed a phantom
  3321 | D:4      | Killed a phantom
  3321 | D:4      | Reached skill level 4 in Spellcasting
  3361 | D:4      | Noticed Grinder
  3455 | D:3      | Noticed an ice beast
  3510 | D:3      | Slain by an ice beast

Skill      XL: |  1  2  3  4  5 |
---------------+----------------+-----
Fighting       | 1 2 3 |  3.0
Poison Magic   | 2 3 |  3.6
Spellcasting   | 4 |  4.1
Dodging        | |  2.0
Stealth        | |  2.6
Conjurations   | |  1.1
Summonings     | |  1.0
Translocations | |  1.0

Action                   |  1- 3 |  4- 6 || total
-------------------------+-------+-------++-------
Melee: Dagger            |    81 |    46 ||   127
       Constrict         |    24 |    26 ||    50
       Tentacles         |    13 |     8 ||    21
       Unarmed           |     3 |       ||     3
       Halberd           |       |    60 ||    60
 Cast: Magic Dart        |    15 |    15 ||    30
       Call Imp          |     9 |    23 ||    32
       Blink             |       |     1 ||     1
  Use: Scroll            |     4 |     1 ||     5
 Stab: Sleeping          |     5 |     3 ||     8
       Distracted        |       |     2 ||     2
  Eat: Chunk             |     2 |     6 ||     8
Armor: Skin              |     7 |    17 ||    24
Dodge: Dodged            |    33 |   100 ||   133
